 Dungeon Crawl Stone Soup version 0.28.0-43-g3370ac3207 (console) character file.

Game seed: 17129376174001178687

89 Zeor the Shield-Bearer (level 4, -6/37 HPs)
             Began as a Formicid Fighter on Mar 14, 2022.
             Mangled by an orc
             ... wielding a +0 flail of pain
              (7 damage)
             ... on level 3 of the Dungeon.
             The game lasted 00:07:06 (2348 turns).

Zeor the Shield-Bearer (Formicid Fighter)           Turns: 2348, Time: 00:07:07

Health: -6/37      AC:  8    Str: 22    XL:     4   Next: 84%
Magic:  4/4        EV:  9    Int:  8    God:
Gold:   107        SH:  4    Dex: 10    Spells: 3/3 levels left

rFire   . . .      SeeInvis +   a - +0 trident
rCold   . . .      Faith    .   c - +0 buckler
rNeg    . . .      Spirit   .   b - +0 scale mail
rPois   .          Reflect  .   (helmet unavailable)
rElec   .          Harm     .   (no cloak)
rCorr   .          Rampage  .   (no gloves)
Will    .....                   f - +0 pair of boots
Stlth   ..........              (no amulet)
HPRegen 0.12/turn               (no ring)
MPRegen 0.09/turn               (no ring)

@: no status effects
A: permanent stasis, dig shafts and tunnels, antennae 3, four strong arms
a: Dig, Shaft Self


You were on level 3 of the Dungeon.
You visited 1 branch of the dungeon, and saw 3 of its levels.

You collected 107 gold pieces.

Inventory:

Hand Weapons
 a - a +0 trident (weapon)
 j - a +2 whip of electrocution
Missiles
 g - 6 bolts
Armour
 b - a +0 scale mail (worn)
 c - a +0 buckler (worn)
 f - a +0 pair of boots (worn)
Jewellery
 l - a ring of flight
Potions
 d - a potion of might
 e - a potion of curing
 h - a potion of haste {unknown}
 i - a potion of berserk rage {unknown}
 k - a potion of mutation {unknown}


   Skills:
 + Level 3.6 Fighting
 * Level 3.3 Polearms
 + Level 4.0 Armour
 + Level 0.2 Dodging
 + Level 4.1 Shields


You had 3 spell levels left.
You didn't know any spells.
Your spell library contained the following spells:

 Spells                   Type           Power      Damage    Failure   Level
 Animate Skeleton         Necr           0%         N/A       80%         1
 Apportation              Tloc           0%         N/A       80%         1
 Summon Small Mammal      Summ           0%         N/A       80%         1


Dungeon Overview and Level Annotations

Branches:
Dungeon (3/15)

Altars:


Innate Abilities, Weirdness & Mutations

You cannot be hasted, slowed, berserked, paralysed or teleported.
You can dig through walls and to a lower floor.
You have a pair of large antennae on your head. (SInv)
Your four strong arms can wield two-handed weapons with a shield.


Message History

An orc comes into view. It is wielding a +0 flail of pain.
The kobold throws a stone.
You block the stone.
Found a stone staircase leading down.
The orc priest mumbles some strange prayers to Beogh against you.
Pain shoots through your body!
Reach: a) +0 trident
Press: ? - help, Dir - move target, f - orc priest
Aim: an orc priest, wielding a +0 mace and wearing a +0 leather armour (about 44% to evade your +0 trident)
You reach to attack!
You puncture the orc priest!
The orc priest is heavily wounded.
The kobold barely misses you.
You barely miss the orc priest.
The orc priest is heavily wounded.
The kobold hits you with a +0 dagger.
The orc priest hits you but does no damage.
An orc comes into view. It is wielding a +0 short sword.
The kobold barely misses you.
You hit the orc priest but do no damage.
The orc priest is heavily wounded.
You block the orc priest's attack. You block the kobold's attack.
You hit the orc but do no damage.
An orc comes into view. It is wielding a +0 club.
The orc priest mumbles some strange prayers to Beogh against you.
Beogh smites you! The kobold barely misses you.
You completely miss the kobold. The orc barely misses you.
The kobold hits you but does no damage.
You hit the orc priest but do no damage.
The orc priest is heavily wounded.
The orc closely misses you.
The orc priest calls down the wrath of Beogh upon you.
Beogh smites you!
* * * LOW HITPOINT WARNING * * *
The kobold hits you but does no damage.
You hit the orc priest.
The orc priest is almost dead.
The orc hits you but does no damage.
The orc priest hits you but does no damage.
The kobold hits you but does no damage.
The orc hits you with a +0 flail of pain!
You die... ∙▒▒▒▒ ▒▒∙▒∙ ∙∙∙∙∙ ∙∙∙∙∙▒ ▒▒▒ ▒▒▒▒ >∙∙∙∙∙▒ ▒∙∙ ∙∙▒∙∙▒∙∙▒▒▒ ∙∙∙∙∙∙∙∙∙ ∙ ▒oog∙∙▒ ∙ ▒oKo▒

∙▒∙▒ ▒B▒ ▒▒∙▒∙▒▒
▒∙▒▒▒∙∙∙∙∙∙▒
▒∙∙∙∙∙∙∙∙∙∙▒
∙▒▒▒▒▒▒▒∙∙∙∙∙∙∙∙▒
∙∙∙∙∙∙∙∙∙∙∙∙∙∙∙∙▒
▒▒▒▒▒▒▒▒∙∙∙∙∙∙∙∙▒
▒∙∙∙∙∙∙∙∙▒
▒∙∙∙∙∙∙∙∙▒▒
▒▒∙∙∙∙▒∙∙∙▒▒▒▒▒▒


You could see an orc priest, 3 orcs, a hobgoblin and a kobold.

Vanquished Creatures
  3 adders (D:2)
  2 worms (D:2)
  A dart slug (D:1)
  4 endoplasms
  A giant cockroach (D:2)
  5 goblins (D:1)
  4 hobgoblins
  4 jackals (D:2)
  A quokka (D:1)
  8 ball pythons
  4 bats
  3 frilled lizards
  7 kobolds
  6 rats
53 creatures vanquished.

Notes
Turn   | Place    | Note
-------+----------+-------------------------------------------
     0 | D:1      | Zeor the Formicid Fighter began the quest for the Orb.
     0 | D:1      | Reached XP level 1. HP: 18/18 MP: 1/1
    91 | D:1      | Reached XP level 2. HP: 24/24 MP: 2/2
   277 | D:1      | Found a faded altar of an unknown god.
   584 | D:1      | Reached XP level 3. HP: 27/29 MP: 3/3
  1319 | D:2      | Reached XP level 4. HP: 33/36 MP: 4/4
  2347 | D:3      | HP: 1/37 [orc priest/divine providence (12)]
  2348 | D:3      | Mangled by an orc

Illustrated notes

Levels and vault maps discovered:
D:1:      dpeg_arrival_ternary, layout_loops_ring,
          nicolae_ecumenical_lake_church, chequers_serial_rivers_micro_a,
          grunt_decor_arrowhead, minmay_misc_feat_chi
D:2:      layout_rooms
D:3:      layout_loops_ring, serial_shops, nicolae_shop_hallway_stairs

Skill      XL: |  1  2  3  4 |
---------------+-------------+-----
Shields        | 4 |  4.1
Polearms       | 3 |  3.3
Armour         | 4 |  4.0
Fighting       | |  3.6
Dodging        | |  0.2

Action                   |  1- 3 |  4- 6 || total
-------------------------+-------+-------++-------
Melee: Trident           |   121 |    91 ||   212
  Use: Scroll            |     1 |     1 ||     2
Armor: Scale mail        |    59 |    43 ||   102
Dodge: Dodged            |    54 |    35 ||    89
Block: Buckler           |    35 |    16 ||    51
